 Dungeon Crawl Stone Soup version 0.29.1-15-g9cfb28693d (webtiles) character file.

Game seed: 8925186939626801666

8106 unlimited1921 the Thaumaturge (level 11, 0/69 HPs)
             Began as a Djinni Fire Elementalist on Mar 31, 2023.
             Was an Elder of Cheibriados.
             Killed by an exploding yak (6 damage)
             ... ignited by their inner flame
             ... on level 8 of the Dungeon.
             The game lasted 00:57:35 (17892 turns).

unlimited1921 the Thaumaturge (DjFE)               Turns: 17892, Time: 00:57:37

Health: 0/69       AC:  8    Str: 20    XL:     11   Next: 49%
Gold:   576        EV: 15    Int: 30    God:    Cheibriados [****..] SH:  0 Dex: 23

rFire   + + +      SeeInvis .   L - +9 dagger of the Sage {drain, Str+4 Stlth+}
rCold   . . .      Faith    .   (no shield)
rNeg    . . .      Spirit   .   G - +3 leather armour {rPois}
rPois   ∞          Reflect  .   m - +0 helmet
rElec   .          Harm     .   (no cloak)
rCorr   .          Rampage  .   o - +0 pair of gloves
Will    +....                   (boots unavailable)
Stlth   ++++......              (no amulet)
HPRegen 0.21/turn               d - ring of protection from fire
MPRegen 0.00/turn               s - ring of protection from cold

@: flying, very slow
A: sickness immunity, fire resistance 2, cold vulnerability 1, float, innate
caster, HP casting, extra vitality 1
a: Renounce Religion, Bend Time, Temporal Distortion, Slouch


You were on level 8 of the Dungeon.
You worshipped Cheibriados.
Cheibriados was greatly pleased with you.
You visited 2 branches of the dungeon, and saw 10 of its levels.

You collected 756 gold pieces.
You spent 180 gold pieces at shops.

Inventory:

Hand Weapons
 r - a +2 whip of venom
 D - a +2 short sword of protection
 I - a +0 shortbow
 J - a +0 longbow
 K - a +1 spear of venom
 L - the +9 dagger of the Sage (weapon) {drain, Str+4 Stlth+}
   (You found it on level 7 of the Dungeon)

   A truly terrible weapon, it drains the life of any living foe it strikes.
   Str:       It affects your strength (+4).
   Stlth:     It makes you more stealthy.
 R - a +0 hand axe of freezing
 U - a +0 double sword
 V - a +1 mace of holy wrath
 W - a +3 vorpal trident
Missiles
 p - 6 boomerangs
 z - 17 poisoned darts
 B - 4 throwing nets
 C - 6 javelins
 O - 3 boomerangs of dispersal
Armour
 i - +0 steam dragon scales
 m - a +0 helmet (worn)
 o - a +0 pair of gloves (worn)
 G - a +3 leather armour of poison resistance (worn)
 Q - a +2 leather armour of cold resistance
Jewellery
 d - a ring of protection from fire (left hand)
 s - a ring of protection from cold (right hand)
 M - a +6 ring of strength
 X - a +4 ring of evasion
Wands
 H - a wand of flame (29)
 P - a wand of roots (8)
 T - a wand of paralysis (1)
Scrolls
 a - 3 scrolls of magic mapping
 b - 2 scrolls of fear {unknown}
 e - 2 scrolls of enchant armour {unknown}
 j - 3 scrolls of noise {unknown}
 k - a scroll of blinking {unknown}
 q - a scroll of brand weapon
 v - 5 scrolls of poison {unknown}
 w - 2 scrolls of teleportation {unknown}
 x - a scroll of immolation
 y - 2 scrolls of enchant weapon
 S - a scroll of identify
Potions
 c - a potion of berserk rage
 f - 3 potions of curing
 g - a potion of lignification
 h - 3 potions of might {unknown}
 l - 3 potions of attraction {unknown}
 n - 2 potions of brilliance {unknown}
 t - 6 potions of mutation {unknown}
 u - 2 potions of flight {unknown}
 A - a potion of magic {unknown}
 E - a potion of invisibility {unknown}
 F - 3 potions of heal wounds {unknown}
 N - a potion of degeneration {unknown}


   Skills:
 + Level 2.5 Fighting
 + Level 1.2 Short Blades
 + Level 3.7 Armour
 + Level 5.0 Dodging
 + Level 4.7 Stealth
 + Level 11.8 Spellcasting


You had 7 spell levels left.
You knew the following spells:

 Your Spells              Type           Power      Damage    Failure   Level
a - Foxfire               Conj/Fire      100%       2x1d9     1%          1
b - Scorch                Fire           100%       2d10      1%          2
c - Conjure Flame         Conj/Fire      73%        6-21      1%          3
d - Inner Flame           Hex/Fire       73%        N/A       1%          3
e - Flame Wave            Conj/Fire      73%        2d16      1%          4
f - Apportation           Tloc           100%       N/A       1%          1
g - Blink                 Tloc           100%       N/A       1%          2
h - Portal Projectile     Hex/Tloc       100%       N/A       1%          3
i - Summon Guardian Gole  Hex/Summ       73%        N/A       1%          3
j - Summon Ice Beast      Ice/Summ       73%        N/A       1%          4
Your spell library was empty.

Dungeon Overview and Level Annotations

Branches:
Dungeon (9/15)             Temple (1/1) D:5
   Lair: D:8-11         Orc: D:9-12

Altars:
Ashenzari
Cheibriados
Dithmenos
Elyvilon
Fedhas
Gozag
Hepliaklqana
Makhleb
Nemelex Xobeh
Okawaru
Qazlal
Ru
Trog
Uskayaw
Wu Jian
Xom
Yredelemnul
Zin
The Shining One

Annotations:
D:9 3 runed translucent doors, cghgu1's ghost, novice MiFi


Innate Abilities, Weirdness & Mutations

You are immune to sickness and miasma.
You are immune to poison.
Your flesh is very heat resistant. (rF++)
You are vulnerable to cold. (rC-)
You float through the air rather than walking.
You learn spells naturally, not from books.
Your magical power is your life essence.
You have superior vitality. (+4 MHP)


Message History

The foxfire hits the yak but does no damage.
The yak is moderately wounded.
The yak is engulfed in blazing flames.
Casting: Foxfire (safe; 1% risk of failure)
Confirm with . or Enter, or press ? or * to list all spells.
A chill wind blows around you. The yak gores you!
* * * LOW HITPOINT WARNING * * *
The yak is engulfed in blazing flames.
Flame seeps out of the yak.
The yak gores you!
* * * LOW HITPOINT WARNING * * *
The yak attacks as you move away! The yak completely misses you.
The yak attacks as you move away! The yak closely misses you.
The yak gores you!
* * * LOW HITPOINT WARNING * * *
The yak misses you. The yak gores your ice beast.
The yak gores your ice beast but does no damage.
Casting: Summon Ice Beast (safe; 1% risk of failure)
Confirm with . or Enter, or press ? or * to list all spells.
Okay, then.
Unknown command.
You feel better.
Your ice beast hits the yak.
Flame seeps out of the yak.
Your ice beast freezes the yak!!
Cheibriados thoroughly appreciates the change of pace.
You can now inflict damage on those overly hasty.
Cheibriados raises the support of your attributes as your movement slows.
The yak explodes!
The fiery explosion engulfs the yak!!!
You kill the yak!
Cheibriados appreciates the change of pace.
The fiery explosion engulfs your ice beast!!!
Your ice beast melts!
You kill your ice beast!
Your ice beast disappears in a puff of smoke!
The fiery explosion engulfs the yak!!
Cheibriados appreciates the change of pace.
The yak explodes!
The fiery explosion engulfs the yak!!
Flame seeps out of the yak.
The yak is severely wounded.
The fiery explosion engulfs you. You resist.
You die...

.# #.# ..)## .#
#.# ...# .###.#
##..#######
.....#
#..........
....##
#..$##### ....#
####§.§....#
....#
#...§○§.<#.#
....#
#.###§§###.###.
....# #.#
#§Y@....<..
#...# #.#
#.##.#.$###
#...# #.#
#.##.# # #...#
#.# #.##.#
+..... #.#
#.##.# #...##.
#.###.##.#
#####
#........# .##
####.#####.####
..###....# #.#


You could see a yak (inner flame).

Vanquished Creatures
  Harold (D:9)
  Erolcha (D:9)
  Pikel (D:6)
  A manticore (D:7)
  Joseph (D:7)
  Maggie (D:6)
  A gargoyle (D:9)
  A kobold demonologist (D:8)
  2 hornets
  2 yaks (D:8)
  A wyvern (D:7)
  Eustachio (D:6)
  3 vampire mosquitoes
  2 steam dragons (D:7)
  Menkaure (D:5)
  Grum (D:9)
  An acid dragon (D:9)
  A water moccasin (D:5)
  A hornet zombie (D:6)
  An orc warrior (D:7)
  3 ice beasts
  5 centaurs
  4 wolves
  3 lemures
  3 phantoms
  4 kobold brigands
  3 bullfrogs
  2 gnoll sergeants
  A scorpion (D:5)
  2 necrophages
  3 killer bees (D:9)
  A howler monkey (D:6)
  2 jellies (D:6)
  An orc priest (D:7)
  A gnoll bouda (D:7)
  A hound (D:6)
  3 iguanas
  5 orc wizards
  A killer bee zombie (D:6)
  Robin (D:2)
  7 adders
  17 gnolls
  A shadow imp (D:7)
  A worm (D:2)
  2 dart slugs
  14 orcs
  2 bats
  4 endoplasms
  5 giant cockroaches
  9 goblins
  7 hobgoblins
  22 kobolds
  4 quokkas
  A ball python (D:1)
  9 frilled lizards
  3 rats (D:1)
182 creatures vanquished.

Vanquished Creatures (collateral kills)
  A yak (D:8)
  A kobold brigand (D:9)
  An orc (D:9)
3 creatures vanquished.

Vanquished Creatures (others)
  459 foxfires
  11 plants (D:5)
470 creatures vanquished.

Grand Total: 655 creatures vanquished

Notes
Turn   | Place    | Note
-------+----------+-------------------------------------------
     0 | D:1      | unlimited1921 the Djinni Fire Elementalist began the quest
                  | for the Orb.
     0 | D:1      | unlimited1921 set off with the following spells memorised:
                  | Foxfire, Scorch, Conjure Flame, Inner Flame, Flame Wave.
     0 | D:1      | Reached XP level 1. HP: 15/15 MP: 0/0
   924 | D:1      | Reached XP level 2. HP: 8/21 MP: 0/0
  2935 | D:1      | Reached XP level 3. HP: 18/25 MP: 0/0
  2935 | D:1      | Learned a level 1 spell: Apportation
  3161 | D:1      | Reached skill level 3 in Spellcasting
  3558 | D:2      | You are sucked into a shaft and drop 2 floors!
  3644 | D:5      | Entered Level 5 of the Dungeon
  4107 | D:4      | Noticed a phantom
  4114 | D:4      | Killed a phantom
  4115 | D:4      | Reached XP level 4. HP: 21/31 MP: 0/0
  4115 | D:4      | Reached XP level 5. HP: 24/35 MP: 0/0
  4115 | D:4      | Learned a level 2 spell: Blink
  5444 | D:3      | Reached skill level 4 in Spellcasting
  5807 | D:3      | Reached skill level 1 in Armour
  5807 | D:3      | Reached XP level 6. HP: 34/40 MP: 0/0
  6726 | D:2      | Noticed Robin
  6927 | D:2      | Killed Robin
  7537 | D:2      | Found a faded altar of an unknown god.
  7885 | D:5      | Noticed Menkaure
  7893 | D:5      | Killed Menkaure
  7894 | D:5      | Reached skill level 5 in Spellcasting
  7894 | D:5      | Reached XP level 7. HP: 11/45 MP: 0/0
  7894 | D:5      | Learned a level 3 spell: Portal Projectile
  8450 | D:5      | Noticed a water moccasin
  8469 | D:5      | Killed a water moccasin
  9091 | D:5      | Found a staircase to the Ecumenical Temple.
  9103 | Temple   | Entered the Ecumenical Temple
  9375 | Temple   | Became a worshipper of Cheibriados the Contemplative
  9536 | D:6      | Noticed Pikel
  9822 | D:6      | Noticed Maggie
 10101 | D:6      | Noticed a vampire mosquito
 10101 | D:6      | Noticed a vampire mosquito
 10101 | D:6      | Noticed a vampire mosquito
 10109 | D:5      | Killed a vampire mosquito
 10110 | D:5      | Reached skill level 6 in Spellcasting
 10110 | D:5      | Reached XP level 8. HP: 25/51 MP: 0/0
 10296 | D:5      | Reached skill level 1 in Fighting
 10296 | D:5      | Reached skill level 7 in Spellcasting
 10846 | D:6      | Killed Pikel
 10847 | D:6      | Reached skill level 8 in Spellcasting
 10847 | D:6      | Reached XP level 9. HP: 24/57 MP: 0/0
 10847 | D:6      | Learned a level 3 spell: Summon Guardian Golem
 11255 | D:6      | Reached * piety under Cheibriados
 11268 | D:6      | Noticed Eustachio
 11274 | D:6      | Killed Eustachio
 11406 | D:6      | Noticed a hornet
 11413 | D:6      | Killed a hornet
 11683 | D:6      | Found Zin's Purification Station.
 11686 | D:6      | Found a glowing silver altar of Zin.
 11703 | D:6      | Killed Maggie
 11704 | D:6      | Reached skill level 9 in Spellcasting
 11966 | D:6      | Bought 2 potions of curing for 180 gold pieces
 12198 | D:6      | Reached XP level 10. HP: 48/64 MP: 0/0
 12284 | D:6      | Found a basalt altar of Yredelemnul.
 13173 | D:7      | Identified the +9 dagger of the Sage {drain, Str+4 Stlth+}
 13376 | D:7      | Noticed Joseph
 13386 | D:7      | Reached ** piety under Cheibriados
 13394 | D:7      | Killed Joseph
 13395 | D:7      | Reached skill level 10 in Spellcasting
 13719 | D:7      | Got the Textbook on Frore Evil Mysteries
 13721 | D:7      | Noticed a manticore
 13726 | D:7      | Killed a manticore
 14177 | D:7      | Found an opulent altar of Gozag.
 14185 | D:7      | Found a faded altar of an unknown god.
 14188 | D:7      | Found a hazy altar of Hepliaklqana.
 14190 | D:7      | Found a broken altar of Ashenzari.
 14533 | D:7      | Found a sparkling altar of Nemelex Xobeh.
 15332 | D:9      | Noticed Grum
 15340 | D:9      | Killed Grum
 15343 | D:9      | Noticed a gargoyle
 15506 | D:9      | Killed a gargoyle
 15511 | D:9      | Reached XP level 11. HP: 29/69 MP: 0/0
 15511 | D:9      | Learned a level 4 spell: Summon Ice Beast
 15719 | D:9      | Noticed Harold
 15732 | D:9      | Killed Harold
 15732 | D:9      | Reached *** piety under Cheibriados
 15733 | D:9      | Reached skill level 1 in Short Blades
 15733 | D:9      | Reached skill level 11 in Spellcasting
 16234 | D:9      | Noticed Erolcha
 16243 | D:9      | Killed Erolcha
 16244 | D:9      | Reached skill level 5 in Dodging
 16544 | D:9      | Found a runed translucent gate.
 16550 | D:9      | Found a runed translucent gate.
 16555 | D:9      | Found a runed translucent gate.
 16690 | D:9      | Noticed cghgu1's ghost (novice MiFi)
 17891 | D:8      | HP: 1/69 [yak (12)]
 17892 | D:8      | Reached **** piety under Cheibriados
 17892 | D:8      | Killed by an exploding yak... ignited by their inner flame

Illustrated notes

Levels and vault maps discovered:
D:1:      matt_arrival_los_fun, layout_basic
D:2:      layout_rooms, hellmonk_ecumenical_altar_heavens_door, uniq_robin
D:3:      layout_loops_ring, minmay_misc_feat_diagonals
D:4:      layout_cave_pods, solitary_fountain
D:5:      layout_loops_ring, temple_hall, minmay_lizard_king, uniq_menkaure
D:6:      layout_rooms, lemuel_zombie_altar_yredelemnul, zin_purify,
          uniq_maggie, uniq_pikel, uniq_eustachio
D:7:      layout_basic, mainiacjoe_overflow_tiny_flanked,
          chequers_temple_overflow_minitemple, uniq_joseph
D:8:      layout_basic
D:9:      layout_basic, gammafunk_ghost_icy, uniq_grum, uniq_harold,
          uniq_erolcha
Temple:   regret_index_temple_generic_petals

Skill      XL: |  1  2  3  4  5  6  7  8  9 10 11 |
---------------+----------------------------------+-----
Spellcasting   | 3 4 5 6 8 9 10 11 | 11.8
Stealth        | 2 3 4 |  4.7
Armour         | 1 2 3 |  3.7
Dodging        | 3 4 5 |  5.0
Fighting       | 1 2 |  2.5
Short Blades   | 1 |  1.2

Action                   |  1- 3 |  4- 6 |  7- 9 | 10-12 || total
-------------------------+-------+-------+-------+-------++-------
Melee: Dagger            |       |       |       |    25 ||    25
       Punch             |       |       |       |     1 ||     1
 Cast: Foxfire           |    56 |    74 |    62 |    92 ||   284
       Scorch            |     4 |    13 |    40 |    45 ||   102
       Inner Flame       |       |    10 |    14 |    41 ||    65
       Flame Wave        |       |       |    10 |     1 ||    11
       Summon Guardian G |       |       |     3 |    11 ||    14
       Portal Projectile |       |       |     2 |       ||     2
       Blink             |       |       |       |     3 ||     3
       Summon Ice Beast  |       |       |       |     7 ||     7
  Use: Scroll            |       |     7 |     1 |       ||     8
       Potion            |       |       |       |     1 ||     1
 Stab: Sleeping          |       |       |       |     2 ||     2
Armor: Leather armour    |     1 |     2 |     1 |    18 ||    22
       Animal skin       |       |     1 |    14 |       ||    15
Dodge: Dodged            |     5 |    10 |    43 |    66 ||   124
